 Dungeon Sprint DCSS version 0.21.0-24-g2553a33 (webtiles) character file.

136 letownia2 the Ruffian (level 4, -1/42 HPs)
             Began as a Troll Wizard on Jan 20, 2018.
             Was an Initiate of Gozag.
             Killed from afar by an oklob sapling wizard (9 damage)
             ... with a magic dart
             ... in the Dungeon (Sprint IV: "Fedhas' Mad Dash").
             The game lasted 00:01:25 (261 turns).

letownia2 the Ruffian (Troll Wizard)                 Turns: 261, Time: 00:01:25

Health: -1/42      AC:  1    Str: 15    XL:     4   Next: 98%
Magic:  6/6        EV:  9    Int: 15    God:    Gozag
Gold:   107        SH:  0    Dex:  8    Spells: 1/8 levels left

rFire    . . .     SeeInvis .     - Unarmed
rCold    . . .     Gourm    +   (no shield)
rNeg     . . .     Faith    .   a - +0 robe
rPois    .         Spirit   .   b - +0 hat
rElec    .         Reflect  .   (no cloak)
rCorr    .         Harm     .   (gloves unavailable)
MR       .....     NoTele   +   (boots unavailable)
Stlth    +.........             l - amulet of invisibility {+Inv}
HPRegen  0.54/turn              (no ring)
MPRegen  0.10/turn              (no ring)

@: corroded, very slightly contaminated
A: large, unfitting armour, claws 3, fast metabolism 3, gourmand, regeneration
1, shaggy fur 1, tough skin 2
a: Potion Petition, Call Merchant, Bribe Branch, Renounce Religion, Evoke
Invisibility


You were in the Dungeon.
You worshipped Gozag.
Gozag was aware of your devotion.
You were not hungry.

You visited 1 branch You collected 107 gold pieces.

Inventory:

Armour
 a - a +0 robe (worn)
 b - a +0 hat (worn)
Jewellery
 l - the amulet of invisibility (around neck) {+Inv}
   (You found it in the Dungeon)

   [amulet of nothing]

   It lets you turn invisible.
Scrolls
 j - a scroll of blinking
Potions
 e - a potion of curing
 f - a potion of heal wounds
 g - a potion of haste
 h - 2 potions of magic
 i - a potion of berserk rage
 k - a potion of cancellation {unknown}
Books
 c - a book of Minor Magic

   Spells                             Type                      Level
   a - Magic Dart                     Conjuration                  1
   b - Blink                          Translocation                2
   c - Call Imp                       Summoning                    2
   d - Slow                           Hexes                        2
   e - Conjure Flame                  Conjuration/Fire             3
   f - Mephitic Cloud                 Conjuration/Poison/Air       3
Comestibles
 d - 2 rations


   Skills:
 - Level 1.7 Fighting
 - Level 1.5 Dodging
 - Level 1.0 Stealth
 * Level 6.7 Unarmed Combat
 + Level 2.5 Spellcasting
 + Level 2.2 Conjurations
   Level 0.6 Summonings
   Level 0.6 Translocations
 - Level 2.0 Fire Magic
 - Level 1.9 Air Magic
 - Level 2.0 Poison Magic


You had one spell level left.
You knew the following spells:

 Your Spells              Type           Power        Failure   Level  Hunger
a - Magic Dart            Conj           #...         9%          1    #......
b - Mephitic Cloud        Conj/Pois/Air  #.......     26%         3    ###....
e - Conjure Flame         Conj/Fire      #.......     26%         3    ###....


Dungeon Overview and Level Annotations

Branches:
Dungeon (1/1)

Altars:
Cheibriados
Dithmenos
Elyvilon
Gozag
Hepliaklqana
Kikubaaqudgha
Makhleb
Nemelex Xobeh
Okawaru
Qazlal
Ru
Sif Muna
Trog
Uskayaw
Vehumet
Wu Jian
Xom
Yredelemnul
Zin
The Shining One
Beogh
Jiyva
Lugonu

Annotations:
D exclusion: oklob sapling


Innate Abilities, Weirdness & Mutations

You are too large for most types of armour.
You have claws for hands.
Your metabolism is lightning-fast.
You like to eat raw meat.
Your natural rate of healing is unusually fast.
You are covered in fur. (AC +1)
You have very tough skin. (AC +2)


Message History

The oklob sapling wizard stares at you and mumbles some strange words.
The magic dart hits you!
There is an open door here.
The oklob sapling wizard casts a spell at you.
The magic dart hits you!
You scratch the oklob sapling wizard but do no damage.
The oklob sapling wizard spits acid at you.
The splash of acid hits you! The acid corrodes you!
You are splashed with acid!
The acid burns!
* * * LOW HITPOINT WARNING * * *
Cast which spell? (? or * to list)
You can't see any susceptible monsters within range! (Use Z to cast anyway.) Unknown command.
Unknown command.
You scratch the oklob sapling wizard but do no damage.
Unknown command.
The oklob sapling wizard stares at you and mumbles some strange words.
The magic dart hits you!
You die...
Your body crumbles into a pile of gold.

####################
..#.⌠._._._._.⌠.#.(+$
[.'.._._._._._..@.P#$
$
..#..._._._._...#..#
$
'##.._._._._._..#.!#
$
..#._._._._._.⌠.####
..############### $
### $ $ $$ $


You could see an oklob sapling wizard.

Vanquished Creatures
  3 oklob saplings (D)
  A worker ant (D)
  A river rat (D)
  A rat (D)
6 creatures vanquished.

Notes
Turn   | Place    | Note
-------+----------+-------------------------------------------
     0 | D        | letownia2 the Troll Wizard began the quest for the Orb.
     0 | D        | Reached XP level 1. HP: 16/16 MP: 2/2
     8 | D        | Reached skill level 1 in Unarmed Combat
    15 | D        | Reached skill level 1 in Fighting
    15 | D        | Reached skill level 3 in Unarmed Combat
    15 | D        | Reached XP level 2. HP: 23/28 MP: 4/4
    25 | D        | Noticed an oklob sapling
    30 | D        | HP: 1/28 [acid (9)]
    87 | D        | Killed an oklob sapling
    87 | D        | Reached skill level 5 in Unarmed Combat
    87 | D        | Reached XP level 3. HP: 35/35 MP: 5/5
    92 | D        | Learned a level 3 spell: Mephitic Cloud
    96 | D        | Learned a level 3 spell: Conjure Flame
    98 | D        | Found the amulet of invisibility {+Inv}
   107 | D        | Reached skill level 1 in Conjurations
   179 | D        | Noticed an oklob sapling
   182 | D        | Killed an oklob sapling
   182 | D        | Reached skill level 1 in Fire Magic
   182 | D        | Reached skill level 1 in Air Magic
   182 | D        | Reached skill level 1 in Poison Magic
   182 | D        | Reached XP level 4. HP: 42/42 MP: 6/6
   191 | D        | Found an opulent altar of Gozag.
   191 | D        | Found a hazy altar of Hepliaklqana.
   191 | D        | Found a roughly hewn altar of Beogh.
   191 | D        | Found a snail-covered altar of Cheibriados.
   196 | D        | Found a viscous altar of Jiyva.
   196 | D        | Found a burning altar of Makhleb.
   196 | D        | Found a sparkling altar of Nemelex Xobeh.
   196 | D        | Found a sacrificial altar of Ru.
   196 | D        | Found a deep blue altar of Sif Muna.
   196 | D        | Found a bloodstained altar of Trog.
   196 | D        | Found an ornate altar of the Wu Jian Council.
   196 | D        | Found a shimmering altar of Xom.
   196 | D        | Found a basalt altar of Yredelemnul.
   197 | D        | Found a shadowy altar of Dithmenos.
   197 | D        | Found an iron altar of Okawaru.
   197 | D        | Found a glowing silver altar of Zin.
   198 | D        | Found an ancient bone altar of Kikubaaqudgha.
   198 | D        | Found a hide-covered altar of Uskayaw.
   199 | D        | Found a stormy altar of Qazlal.
   199 | D        | Found a white marble altar of Elyvilon.
   199 | D        | Found a glowing golden altar of the Shining One.
   200 | D        | Became a worshipper of Gozag Ym Sagoz the Greedy
   201 | D        | Found a radiant altar of Vehumet.
   201 | D        | Found a corrupted altar of Lugonu.
   208 | D        | Reached skill level 6 in Unarmed Combat
   261 | D        | Killed from afar by an oklob sapling wizard

Skill      XL: |  1  2  3  4 |
---------------+-------------+-----
Unarmed Combat | 3 5 6 |  6.7
Fighting       | 1 |  1.7
Conjurations   | 1 2 |  2.2
Fire Magic     | 1 2 |  2.0
Air Magic      | 1 |  1.9
Poison Magic   | 1 2 |  2.0
Dodging        | |  1.5
Stealth        | |  1.0
Spellcasting   | |  2.5
Summonings     | |  0.6
Translocations | |  0.6

Action                   |  1- 3 |  4- 6 || total
-------------------------+-------+-------++-------
Melee: Unarmed           |    24 |     7 ||    31
       Punch             |     1 |       ||     1
 Abil: Evoke Invisibilit |       |     1 ||     1
 Stab: Sleeping          |     2 |     1 ||     3
       Invisible         |       |     2 ||     2
  Eat: Chunk             |     2 |       ||     2
Dodge: Dodged            |     6 |       ||     6
